 Dungeon Crawl Stone Soup version 0.31-a0-198-g2ad674f65e (webtiles) character file.

Game seed: 6807484426335819770

139 qw the Skirmisher (level 5, -2/29 HPs)
             Began as a Deep Elf Hunter on June 25, 2023.
             Slain by Sigmund
             ... wielding a +0 scythe
              (5 damage)
             ... on level 4 of the Dungeon.
             The game lasted 00:01:07 (2123 turns).

qw the Skirmisher (Deep Elf Hunter)                 Turns: 2123, Time: 00:01:07

Health: -2/29      AC:  5    Str: 10    XL:     5   Next: 1%
Magic:  7/7        EV: 11    Int: 14    God:
Gold:   201        SH:  0    Dex: 18    Spells: 4/4 levels left

rFire   . . .        Y - +0 shortbow
rCold   . . .        (shield currently unavailable)
rNeg    . . .        h - +0 ring mail
rPois   .            (no helmet)
rElec   .            (no cloak)
rCorr   .            (no gloves)
SInv    .            (no boots)
Will    .....        (no amulet)
Stlth   +            (no ring)
HPRegen 0.24/turn    (no ring)
MPRegen 0.10/turn

%: no passive effects
@: no status effects
A: no striking features
a: no special abilities


You were on level 4 of the Dungeon.
You visited 1 branch of the dungeon, and saw 4 of its levels.

You collected 201 gold pieces.


   Skills:
 - Level 1.5 Fighting
 + Level 8.4 Ranged Weapons
 - Level 2.4 Dodging
 - Level 1.2 Stealth


You had 4 spell levels left.
You didn't know any spells.
Your spell library was empty.

Inventory:

Hand Weapons
 Y - a +0 shortbow (weapon)
Armour
 h - a +0 ring mail (worn)
Scrolls
 b - a scroll of identify
Potions
 a - a potion of lignification {unknown}
 e - a potion of mutation {unknown}
 g - a potion of attraction {unknown}

Dungeon Overview and Level Annotations

Branches:
Dungeon (4/15)
 Temple: D:4-7

Altars:

Annotations:
D:4 Sigmund


Message History

You shoot an arrow. The arrow hits Sigmund.
Sigmund shouts!
Sigmund is lightly wounded.
You hear a shout!
You shoot an arrow. The arrow barely misses Sigmund.
You shoot an arrow. The arrow hits Sigmund.
Sigmund is lightly wounded.
You shoot an arrow. The arrow hits Sigmund.
Sigmund is moderately wounded.
You shoot an arrow. The arrow hits Sigmund!
Sigmund is heavily wounded.
You shoot an arrow. The arrow barely misses Sigmund.
Sigmund gestures at you while chanting. The magic dart hits you!
Sigmund completely misses you.
You shoot an arrow. The arrow hits Sigmund!
Sigmund is almost dead.
You shoot an arrow. The arrow completely misses Sigmund.
Sigmund misses you.
You shoot an arrow. The arrow hits Sigmund.
Sigmund is almost dead.
Sigmund casts a spell at you. The magic dart hits you!
Enter note:
Enter note:
Enter note: Sigmund gestures at you while chanting.
You are confused.
Sigmund gestures at you while chanting. You resist with some effort.
Sigmund barely misses you.
Sigmund mumbles some strange words.
Sigmund flickers and vanishes!
Deactivating autopickup; reactivate with Ctrl-A.
Autopickup is now on.
Something hits you!
Deactivating autopickup; reactivate with Ctrl-A.
Autopickup is now on.
You feel less confused. Something hits you.
You die...

#.##.####............
#.#....##..###.#####.
#.#....##..#....#
#.#....##..#.#<.#
#.#....+...#.#..#
#.#....###.#.#..#
#.##...# #.#.....
#...# #.#.##..#
####.##@..# ... ..#
..........# #.# #.#
.......{..# ..
...>..!...#
..........#
....#..)..#
....+.....+ ###
#.....# #.....#


There were no monsters in sight!

Vanquished Creatures
  An orc wizard (D:3)
  4 adders
  2 worms
  2 dart slugs
  2 orcs (D:3)
  7 endoplasms
  6 giant cockroaches
  7 goblins
  4 hobgoblins
  6 kobolds
  4 quokkas
  4 ball pythons
  5 bats
  2 frilled lizards
  10 rats
66 creatures vanquished.

Notes
Turn   | Place    | Note
-------+----------+-------------------------------------------
     0 | D:1      | qw the Deep Elf Hunter began the quest for the Orb.
     0 | D:1      | Reached XP level 1. HP: 12/12 MP: 3/3
     0 | D:1      | 0 ||| qw: Version: 0.3-a-22-g0ed2b0b
     0 | D:1      | 0 ||| qw: Game counter: 5439
     0 | D:1      | 0 ||| qw: Melee chars always use a shield: true
     0 | D:1      | 0 ||| qw: God list: Okawaru
     0 | D:1      | 0 ||| qw: Allow faded altars: false
     0 | D:1      | 0 ||| qw: Do Orc after clearing Dungeon:15 true
     0 | D:1      | 0 ||| qw: Do second Lair branch before Depths: true
     0 | D:1      | 0 ||| qw: Lair rune preference: random
     0 | D:1      | 0 ||| qw: Goals: Normal
     0 | D:1      | 0 ||| PLANNING D:1-11
    95 | D:1      | Reached XP level 2. HP: 16/16 MP: 4/4
   104 | D:1      | Reached skill level 6 in Ranged Weapons
   192 | D:1      | Found a faded altar of an unknown god.
   305 | D:1      | 305 ||| READING scroll labelled GOVVUX OCRIT.
   654 | D:1      | 654 ||| DRINKING 2 puce potions.
   655 | D:1      | 655 ||| DROPPING scroll of butterflies.
   712 | D:2      | Reached XP level 3. HP: 20/20 MP: 5/5
   791 | D:2      | Reached skill level 7 in Ranged Weapons
  1386 | D:2      | 1386 ||| UPGRADING to +0 scale mail.
  1396 | D:2      | 1396 ||| DROPPING +0 leather armour.
  1397 | D:2      | 1397 ||| UPGRADING to +0 ring mail.
  1407 | D:2      | 1407 ||| DROPPING +0 scale mail.
  1408 | D:2      | 1408 ||| READING scroll labelled BUELUPRAKK.
  1462 | D:3      | Reached XP level 4. HP: 21/25 MP: 6/6
  1490 | D:3      | HP: 6/25 [quokka (4)]
  1491 | D:3      | 1491 ||| DRINKING potion of heal wounds.
  1658 | D:3      | HP: 5/25 [something (3)]
  1660 | D:3      | Reached skill level 8 in Ranged Weapons
  1874 | D:3      | 1874 ||| READING scroll labelled GETHRO VEKASM.
  2086 | D:4      | Reached XP level 5. HP: 26/29 MP: 7/7
  2106 | D:4      | Noticed Sigmund
  2122 | D:4      | HP: 3/29 [something (10)]
  2123 | D:4      | Slain by Sigmund

Levels and vault maps discovered:
D:1:      wheals_arrival_linesprint, layout_rooms,
          chequers_ecumenical_altar_simple_redux, minmay_surrounded
D:2:      layout_loops_ring
D:3:      layout_rooms, hex_intersection
D:4:      layout_basic, uniq_eustachio, uniq_sigmund

Skill      XL: |  1  2  3  4 |
---------------+-------------+-----
Ranged Weapons | 6 7 8 |  8.4
Fighting       | |  1.5
Dodging        | |  2.4
Stealth        | |  1.2

Action                     |  1- 3 |  4- 6 || total
---------------------------+-------+-------++-------
   Fire: Shortbow          |   123 |    94 ||   217
    Use: Scroll            |     2 |     1 ||     3
         Potion            |     1 |     1 ||     2
 Armour: Leather armour    |     6 |       ||     6
         Ring mail         |     4 |    32 ||    36
  Dodge: Dodged            |    19 |    43 ||    62

Table legend:
 A = Non-vault XP
 B = Vault XP
 C = Vault XP percentage of total XP
 D = Non-vault monster count
 E = Vault monster count
 F = Vault count percentage of total count
                 A         B        C        D         E       F
            +---------+---------+-------+---------+---------+-------
      Total |     195 |       4 |   2.0 |      63 |       3 |   4.5
            +---------+---------+-------+---------+---------+-------
        D:1 |      36 |       4 |  10.0 |      21 |       3 |  12.5
        D:2 |      44 |       0 |   0.0 |      18 |       0 |   0.0
        D:3 |      97 |       0 |   0.0 |      22 |       0 |   0.0
        D:4 |      18 |       0 |   0.0 |       2 |       0 |   0.0
            +---------+---------+-------+---------+---------+-------
